 Dungeon Crawl Stone Soup version 0.28-a0-535-g6f645e4c1d (webtiles) character file.

Game seed: 12558168149561179995

70452 sanka the Bludgeoner (level 15, -5/167 HPs)
             Began as an Ogre Berserker on Sept 26, 2021.
             Was a High Priest of Trog.
             Slain by a sixfirhy (10 damage)
             ... summoned by an orc high priest
             ... on level 2 of the Orcish Mines.
             The game lasted 00:47:57 (27764 turns).

sanka the Bludgeoner (Ogre Berserker)              Turns: 27764, Time: 00:47:58

Health: -5/167     AC: 16    Str: 25    XL:     15   Next: 33%
Magic:  5/5        EV: 13    Int: 11    God:    Trog [*****.]
Gold:   2251       SH:  5    Dex: 13    Spells: 14/14 levels left

rFire   + . .      SeeInvis .   a - +7 giant spiked club (antimagic)
rCold   + . .      Faith    .   (shield currently unavailable)
rNeg    . . .      Spirit   .   D - +2 robe {rC+ rF+}
rPois   .          Reflect  +   F - +2 hat {Int+3}
rElec   .          Harm     .   s - +0 cloak
rCorr   .          Rampage  .   (gloves unavailable)
Will    +....                   (boots unavailable)
Stlth   +.........              L - amulet of reflection
HPRegen 0.37/turn               P - +4 ring of protection
MPRegen 0.09/turn               c - +4 ring of protection

@: no status effects
A: large, unfitting armour, tough skin 1
a: Renounce Religion, Berserk, Trog's Hand, Brothers in Arms


You were on level 2 of the Orcish Mines.
You worshipped Trog.
Trog was extremely pleased with you.
You visited 3 branches of the dungeon, and saw 19 of its levels.
You also visited: Sewer, Bailey and Volcano.

You collected 2251 gold pieces.


Innate Abilities, Weirdness & Mutations

You are too large for most types of armour.
You have tough skin. (AC +1)


   Skills:
 - Level 15.0 Fighting
 + Level 20.8 Maces & Flails
 - Level 8.0 Dodging


You had 14 spell levels left.
You didn't know any spells.
Your spell library was empty.

Inventory:

Hand Weapons
 a - a +7 antimagic giant spiked club (weapon)
 Z - a +0 giant spiked club of flaming
Missiles
 n - 13 javelins (quivered)
 C - a curare-tipped dart {=f}
Armour
 s - a +0 cloak (worn)
 A - +0 steam dragon scales
 D - a +2 robe of resistance (worn)
 F - a +2 hat of intelligence (worn)
Jewellery
 c - a +4 ring of protection (right hand)
 k - a ring of resist corrosion
 o - a ring of protection from fire
 p - a ring of willpower
 w - a ring of positive energy
 B - a ring of poison resistance
 L - an amulet of reflection (around neck)
 P - a +4 ring of protection (left hand)
 R - a ring of ice
 U - a +6 ring of strength
 V - a ring of protection from cold
 Y - a ring of protection from fire
Wands
 d - a wand of polymorph (8)
 x - a wand of mindburst (43)
 I - a wand of iceblast (10)
 J - a wand of digging (5)
 T - a wand of flame (19)
Scrolls
 f - 4 scrolls of immolation {!r}
 g - 4 scrolls of amnesia
 i - 7 scrolls of noise {!r}
 j - 4 scrolls of vulnerability {!r}
 l - 8 scrolls of magic mapping
 t - a scroll of blinking
 y - 6 scrolls of teleportation {@r4}
 z - a scroll of acquirement
 H - a scroll of silence {!r}
 K - 3 scrolls of fear
 M - 3 scrolls of fog
 O - 3 scrolls of summoning
 W - a scroll of identify {@r1}
Potions
 b - 3 potions of cancellation {unknown}
 e - a potion of curing {@q1}
 h - 6 potions of mutation {!q}
 m - 6 potions of heal wounds {unknown}
 q - a potion of haste {@q3}
 r - 7 potions of flight
 u - a potion of resistance {unknown}
 v - 2 potions of attraction {unknown}
 E - 3 potions of might {unknown}
 G - 3 potions of degeneration {unknown}
 N - 4 potions of brilliance {unknown}
 Q - 2 potions of invisibility {unknown}
 S - a potion of berserk rage {unknown}
 X - 2 potions of magic {unknown}

Dungeon Overview and Level Annotations

Branches:
Dungeon (11/15)            Temple (0/1) D:5            Lair (6/6) D:8
 Shoals (0/4) Lair:4       Spider (0/4) Lair:3        Slime (0/5) Lair:5
    Orc (2/2) D:11            Elf (0/3) Orc:2         Sewer (visited)
 Bailey (visited)         Volcano (visited)

Altars:
Cheibriados
Hepliaklqana
Kikubaaqudgha
Makhleb
Trog
Vehumet
Xom

Shops:
D:2

( ....▒▒▒▒▒▒▒ ▒.......▒▒▒▒
.....5▒.▒.▒▒ ▒▒▒▒.......▒..
......3..o.▒▒ ▒▒.▒▒▒.▒...▒▒▒.
....oo..o5.o▒ ▒...▒▒▒▒▒......
.......o▒3o)▒▒ ▒▒▒....▒ ▒..))...
.......▒▒▒o▒.▒▒▒▒.▒.<..▒ ▒▒.[[...
...o▒▒▒▒▒.)o..▒▒.......▒▒▒▒[[....
..o ▒▒.▒.▒▒▒▒▒.......▒).))... ..
▒▒..o3▒▒▒O...▒..[▒...[[▒▒. .
▒......▒3...>▒.[..........
▒▒..........▒▒▒.)........▒
▒▒▒.▒.▒...▒▒ ▒......._..▒
▒▒▒▒▒....▒▒▒...........
▒▒▒▒..▒....▒.......
▒.........▒▒▒▒....
▒▒......▒▒▒▒.....▒ ▒▒.....▒
▒▒.....


You could see a sixfirhy (summoned).


Message History

Beogh smites you!
* * * LOW HITPOINT WARNING * * *
The orc high priest utters an invocation to Beogh.
The orc priest invokes the aid of Beogh against you.
Beogh smites you!
* * * LOW HITPOINT WARNING * * *
Unknown command.
The orc high priest curses to no one in particular.
The ynoxinul gestures.
An orc comes into view. It is wielding a +0 dagger.
The sixfirhy misses you. The sixfirhy hits you!
* * * LOW HITPOINT WARNING * * *
The sixfirhy shocks you!
* * * LOW HITPOINT WARNING * * *
The sixfirhy misses you.
The orc high priest calls down the wrath of Beogh upon you.
Beogh smites you!
* * * LOW HITPOINT WARNING * * *
You block the sixfirhy's attack.
The orc priest calls down the wrath of Beogh upon you.
Beogh smites you!
* * * LOW HITPOINT WARNING * * *
The orc priest calls down the wrath of Beogh upon you.
Beogh smites you!
* * * LOW HITPOINT WARNING * * *
The sixfirhy hits you.
* * * LOW HITPOINT WARNING * * *
The sixfirhy shocks you!
You die...

Action                   |  1- 3 |  4- 6 |  7- 9 | 10-12 | 13-15 || total
-------------------------+-------+-------+-------+-------+-------++-------
Melee: Mace              |    76 |    90 |       |       |       ||   166
       Flail             |       |   109 |   289 |       |       ||   398
       Giant club        |       |       |    53 |   553 |    16 ||   622
       Giant spiked club |       |       |     8 |       |   845 ||   853
Invok: Berserk           |       |       |     6 |     8 |     4 ||    18
       Trog's Hand       |       |       |     1 |     1 |     4 ||     6
       Brothers in Arms  |       |       |       |       |     2 ||     2
Evoke: Wand              |       |       |       |    14 |     5 ||    19
  Use: Scroll            |       |       |     7 |     3 |    11 ||    21
       Potion            |       |       |       |     1 |     4 ||     5
 Stab: Distracted        |       |       |     1 |     1 |       ||     2
Armor: Animal skin       |    32 |   119 |   137 |    43 |       ||   331
       Steam dragon scal |       |       |       |    98 |       ||    98
       Robe              |       |       |       |    82 |   391 ||   473
Dodge: Dodged            |    48 |   121 |   194 |   321 |   472 ||  1156
Block: Other             |       |       |       |    23 |   204 ||   227
       Reflection        |       |       |       |     1 |     4 ||     5

Levels and vault maps discovered:
D:1:      minmay_arrival_open_corners, layout_loops_corners,
          shapermc_ecumenical_altar_notcrosses
D:2:      layout_rooms, serial_shops, shop, minmay_tromino_v7, uniq_robin,
          uniq_jessica
D:3:      layout_rooms
D:4:      layout_rooms, nicolae_overflow_crystal_walls,
          lemuel_mausoleum_altar_kikubaaqudgha, ebering_ghost_inner_flame,
          minmay_bisected
D:5:      layout_basic, kennysheep_mini_moat, grunt_temple_overflow_open,
          minmay_temple_entry_butterflies, cheibrodos_sewer_entry_sluice
D:6:      layout_loops_cross
D:7:      layout_basic, enter_bailey_2
D:8:      layout_basic, makhleb_blood_cavern_becter, erik_lair_island,
          uniq_maurice, uniq_maggie
D:9:      layout_gridville, hangedman_abyss_or_decor_passed, uniq_erica
D:10:     statuecave_lemuel, layout_basic, kennysheep_mini, uniq_gastronok,
          uniq_josephine, uniq_joseph
D:11:     layout_long_grid, orc_0_dummy, gammafunk_ghost_icy,
          eino_small_chamber_without_monster, kennysheep_generic_room_5,
          uniq_snorg
Lair:1:   layout_gridlike, lemuel_fruit_fields, grunt_megastairs_2
Lair:2:   layout_gridlike, lemuel_fruit_tree, grunt_megastairs_1
Lair:3:   layout_regular_city, spider_nest_entry_rubble,
          hellmonk_ghost_happy_afterlife
Lair:4:   layout_concentric_octagons, minmay_shoals_entry_beasts
Lair:5:   layout_long_grid, minmay_slime_entry_jelly_boxes,
          nicolae_volcano_entry_batcave, maelrawn_ghost_gauntlet_escape,
          chequers_serial_rivers_small_a, minmay_stone_trees_small,
          chequers_serial_rivers_room_a, cheibrodos_lair_lostbears
Lair:6:   gammafunk_lair_ancient_temple, layout_loops_ring
Orc:1:    layout_caves
Orc:2:    st_orc_congregation, layout_diamond_mine, basic_altar

Notes
Turn   | Place    | Note
-------+----------+-------------------------------------------
     0 | D:1      | sanka the Ogre Berserker began the quest for the Orb.
     0 | D:1      | Reached XP level 1. HP: 24/24 MP: 1/1
    13 | D:1      | Found a faded altar of an unknown god.
   182 | D:1      | Reached skill level 3 in Maces & Flails
   271 | D:1      | Reached XP level 2. HP: 31/32 MP: 2/2
   895 | D:2      | Reached XP level 3. HP: 40/40 MP: 3/3
  1100 | D:2      | Noticed Jessica
  1113 | D:2      | Reached XP level 4. HP: 43/49 MP: 4/4
  1115 | D:2      | Killed Jessica
  1115 | D:2      | Reached ** piety under Trog
  1116 | D:2      | Reached skill level 5 in Fighting
  1116 | D:2      | Reached skill level 4 in Maces & Flails
  1247 | D:2      | Found Zufepeo's Weapon Boutique.
  1268 | D:2      | Noticed Robin
  1274 | D:2      | Killed Robin
  1614 | D:3      | Reached XP level 5. HP: 51/57 MP: 5/5
  2543 | D:4      | Reached skill level 6 in Fighting
  2543 | D:4      | Reached skill level 5 in Maces & Flails
  2543 | D:4      | Reached XP level 6. HP: 46/67 MP: 6/6
  2723 | D:4      | Reached *** piety under Trog
  2829 | D:4      | Reached XP level 7. HP: 45/76 MP: 7/7
  3011 | D:4      | Found a snail-covered altar of Cheibriados.
  3080 | D:4      | Reached skill level 6 in Maces & Flails
  3387 | D:4      | Reached skill level 7 in Fighting
  3719 | D:4      | Found an ancient bone altar of Kikubaaqudgha.
  3760 | D:4      | Reached skill level 7 in Maces & Flails
  3760 | D:4      | Reached XP level 8. HP: 84/87 MP: 8/8
  3787 | D:4      | Found a runed translucent door.
  3787 | D:4      | Noticed PanSaczeczos's ghost (amateur DgEE)
  3966 | D:4      | Killed PanSaczeczos's ghost
  3967 | D:4      | Reached skill level 8 in Fighting
  4129 | D:5      | Entered Level 5 of the Dungeon
  4256 | D:5      | Found a shimmering altar of Xom.
  4257 | D:5      | Found a radiant altar of Vehumet.
  4359 | D:5      | Found a glowing drain.
  4372 | Sewer    | Entered a sewer
  4429 | Sewer    | Noticed Purgy
  4438 | Sewer    | Killed Purgy
  4439 | Sewer    | Reached skill level 8 in Maces & Flails
  4910 | D:5      | Found a staircase to the Ecumenical Temple.
  5355 | D:5      | Found a bloodstained altar of Trog.
  5613 | D:6      | Reached skill level 9 in Fighting
  6229 | D:6      | Reached XP level 9. HP: 92/98 MP: 9/9
  6428 | D:7      | Reached skill level 9 in Maces & Flails
  6508 | D:7      | Reached **** piety under Trog
  6595 | D:7      | Found a flagged portal.
  6616 | Bailey   | Entered a bailey
  6632 | Bailey   | Noticed an orc knight
  6646 | Bailey   | Reached skill level 10 in Fighting
  6654 | Bailey   | Killed an orc knight
  6655 | Bailey   | Reached skill level 10 in Maces & Flails
  6771 | Bailey   | Found an iron altar of Okawaru.
  6771 | Bailey   | Noticed a kobold demonologist
  6771 | Bailey   | Noticed a kobold demonologist
  6786 | Bailey   | Noticed a smoke demon
  6788 | Bailey   | Killed a kobold demonologist
  6870 | Bailey   | Noticed a red devil
  6875 | Bailey   | Killed a kobold demonologist
  6876 | Bailey   | Reached skill level 11 in Fighting
  6876 | Bailey   | Reached XP level 10. HP: 91/113 MP: 10/10
  7238 | Bailey   | Reached skill level 11 in Maces & Flails
  7614 | Bailey   | Reached ***** piety under Trog
  7778 | Bailey   | Noticed an orc knight
  7793 | Bailey   | Killed an orc knight
  7994 | Bailey   | Noticed an orc knight
  8009 | Bailey   | Killed an orc knight
  8351 | Bailey   | Reached skill level 12 in Fighting
  9112 | D:8      | Noticed Maurice
  9155 | D:8      | Identified +0 steam dragon scales
  9155 | D:8      | Noticed Maggie
  9325 | D:8      | Killed Maggie
  9326 | D:8      | Reached skill level 12 in Maces & Flails
  9701 | D:8      | Reached skill level 3 in Dodging
  9992 | D:8      | Reached skill level 4 in Dodging
 10022 | D:8      | Found a staircase to the Lair.
 10404 | D:8      | Killed Maurice
 10405 | D:8      | Reached skill level 5 in Dodging
 10405 | D:8      | Reached XP level 11. HP: 76/123 MP: 11/11
 10749 | D:8      | Found a burning altar of Makhleb.
 10857 | D:8      | Identified a +1 robe of resistance
 11048 | D:10     | Entered Level 10 of the Dungeon
 11076 | D:10     | Reached skill level 6 in Dodging
 11174 | D:10     | Received a gift from Trog
 11717 | D:10     | Reached skill level 7 in Dodging
 11762 | D:10     | Noticed Joseph
 11795 | D:10     | Killed Joseph
 12106 | D:10     | Noticed a two-headed ogre
 12112 | D:10     | Killed a two-headed ogre
 12113 | D:10     | Reached skill level 8 in Dodging
 12278 | D:10     | Found a hazy altar of Hepliaklqana.
 12504 | D:10     | Identified a +2 robe of resistance
 12504 | D:10     | Noticed Josephine
 12515 | D:10     | Killed Josephine
 12516 | D:10     | Reached skill level 13 in Fighting
 12597 | D:10     | Noticed Gastronok
 12631 | D:10     | Killed Gastronok
 12905 | D:9      | Noticed Erica
 12911 | D:9      | Killed Erica
 13396 | D:9      | Noticed a two-headed ogre
 13398 | D:9      | Killed a two-headed ogre
 13399 | D:9      | Reached skill level 14 in Fighting
 13399 | D:9      | Reached XP level 12. HP: 91/139 MP: 4/12
 13602 | D:9      | Reached skill level 13 in Maces & Flails
 13864 | Lair:1   | Entered Level 1 of the Lair of Beasts
 14105 | Lair:1   | Noticed a five-headed hydra
 14124 | Lair:1   | Killed a five-headed hydra
 14494 | Lair:1   | Reached skill level 15 in Fighting
 14686 | Lair:1   | Noticed a death yak
 14686 | Lair:1   | Noticed a death yak
 14687 | Lair:1   | Noticed a death yak
 14687 | Lair:1   | Noticed a death yak
 14688 | Lair:1   | Noticed a death yak
 14835 | Lair:2   | Reached skill level 14 in Maces & Flails
 15261 | Lair:2   | Received a gift from Trog
 15490 | Lair:2   | Reached skill level 15 in Maces & Flails
 15838 | Lair:2   | Reached XP level 13. HP: 140/149 MP: 4/13
 17030 | Lair:1   | Reached skill level 16 in Maces & Flails
 17682 | Lair:3   | Found a hole to the Spider Nest.
 17752 | Lair:3   | Found a runed translucent door.
 17752 | Lair:3   | Noticed Cimewiq's ghost (journeyman DECj)
 18450 | Lair:3   | Killed Cimewiq's ghost
 18625 | Lair:4   | Found a staircase to the Shoals.
 18903 | Lair:4   | Reached skill level 17 in Maces & Flails
 19696 | Lair:5   | Received a gift from Trog
 19713 | Lair:5   | Found a runed translucent gate.
 19713 | Lair:5   | Found a runed translucent gate.
 19714 | Lair:5   | Noticed a minotaur
 19721 | Lair:5   | Noticed Kaive's ghost (journeyman MiFi)
 19762 | Lair:5   | Reached XP level 14. HP: 76/159 MP: 4/14
 19800 | Lair:5   | Found a runed translucent gate.
 19825 | Lair:5   | Found a dark tunnel.
 20053 | Volcano  | Entered a volcano
 20330 | Volcano  | Reached skill level 18 in Maces & Flails
 20346 | Volcano  | Found a burning altar of Makhleb.
 20941 | Lair:5   | Found a staircase to the Slime Pits.
 21504 | Lair:5   | Identified +0 steam dragon scales
 21563 | Lair:5   | Killed Kaive's ghost
 21911 | Lair:6   | Entered Level 6 of the Lair of Beasts
 22433 | Lair:6   | Reached skill level 19 in Maces & Flails
 23577 | Lair:6   | Found the +7 captain's cutlass {speed, disarm}
 24126 | D:11     | Noticed YannSP's ghost (journeyman DDFi)
 24152 | D:11     | Found a staircase to the Orcish Mines.
 24484 | D:11     | Noticed Snorg
 24491 | D:11     | Killed Snorg
 24681 | D:11     | Found a runed translucent gate.
 24681 | D:11     | Found a runed translucent gate.
 24681 | D:11     | Found a runed translucent gate.
 25055 | D:11     | Killed YannSP's ghost
 25062 | D:11     | Reached skill level 20 in Maces & Flails
 25238 | Orc:1    | Entered Level 1 of the Orcish Mines
 25264 | Orc:1    | Reached XP level 15. HP: 145/167 MP: 5/15
 25453 | Orc:2    | Entered Level 2 of the Orcish Mines
 25721 | Orc:2    | Found a radiant altar of Vehumet.
 25733 | Orc:2    | Identified the +7 executioner's axe "Soetiock" {vorpal,
                  | +Blink rC- rCorr Dex+2 SInv} (Trog gifted it to you on
                  | level 2 of the Orcish Mines)
 25733 | Orc:2    | Received a gift from Trog
 25750 | Orc:2    | Found a staircase to the Elven Halls.
 25797 | Orc:2    | Paralysed by an orc sorcerer for 6 turns
 26653 | Orc:2    | Noticed an orc warlord
 26667 | Orc:2    | Killed an orc warlord
 26923 | Orc:1    | HP: 16/165 [orc warrior (7)]
 27762 | Orc:2    | HP: 10/167 [orc priest/divine providence (12)]
 27764 | Orc:2    | Slain by a sixfirhy

Vanquished Creatures
  Gastronok (D:10)
  An orc warlord (Orc:2)
  The ghost of Kaive the Fighter, a journeyman MiFi of Okawaru (Lair:5)
  A minotaur (Lair:5)
  Snorg (D:11)
  Josephine (D:10)
  The ghost of YannSP the Cleaver, a journeyman DDFi of Makhleb (D:11)
  3 hydras
  The ghost of Cimewiq the Thaumaturge, a journeyman DECj of Kikubaaqudgha (Lair:3)
  A merfolk avatar (Lair:6)
  A centaur warrior (Volcano)
  Erica (D:9)
  5 two-headed ogres
  5 death yaks
  3 orc high priests (Orc:2)
  A hell knight (Volcano)
  A sea snake (Lair:6)
  An obsidian statue (Volcano)
  7 orc knights
  4 orc sorcerers
  A cyclops (D:11)
  3 manticores
  Maurice (D:8)
  14 elephants
  Joseph (D:10)
  7 black mambas
  A torpor snail (Lair:6)
  13 cane toads
  14 komodo dragons
  Maggie (D:8)
  A yaktaur (Volcano)
  4 rime drakes
  2 kobold demonologists (Bailey)
  5 polar bears
  4 trolls
  2 wind drakes
  2 hornets (Lair:6)
  2 snapping turtles (Lair:6)
  6 blink frogs
  A centaur simulacrum (D:11)
  A shadow (D:11)
  A redback (Lair:3)
  5 wraiths
  A wyvern (Lair:1)
  4 basilisks
  13 fire bats
  34 yaks
  A fire elemental (Lair:2)
  5 vampire mosquitoes
  A steam dragon (Lair:5)
  The ghost of PanSaczeczos the Digger, an amateur DgEE (D:4)
  A warg (Orc:2)
  14 water moccasins
  5 ice beasts
  Purgy (Sewer)
  36 orc warriors
  A black bear (Lair:1)
  A sky beast (D:6)
  6 ogres
  3 necrophages
  19 wolves
  9 centaurs
  17 bullfrogs
  3 kobold brigands
  3 scorpions
  A water moccasin skeleton (D:4)
  5 wights
  8 electric eels
  2 howler monkeys
  7 lava snakes (Volcano)
  A centaur zombie (D:5)
  3 bullfrog zombies
  8 hounds
  14 jellies
  A human zombie (D:4)
  21 orc priests
  A bullfrog skeleton (D:5)
  Jessica (D:2)
  2 iguanas
  22 orc wizards
  2 hound zombies (D:4)
  A mummy (D:4)
  2 hound skeletons (D:4)
  Robin (D:2)
  3 howler monkey zombies
  11 gnolls
  7 adders
  A howler monkey skeleton (D:7)
  2 shadow imps
  4 white imps (D:11)
  4 ufetubi
  An adder skeleton (D:4)
  2 adder zombies (D:4)
  4 dart slugs
  66 orcs
  12 bats
  3 endoplasms
  A giant cockroach (D:2)
  17 goblins
  15 hobgoblins
  2 jackals
  4 quokkas
  11 ball pythons
  4 frilled lizards
  18 kobolds
  7 rats
614 creatures vanquished.

Vanquished Creatures (collateral kills)
  A sea snake (Lair:6)
  An elephant (Lair:6)
  A wind drake (Lair:6)
  3 blink frogs (Lair:6)
6 creatures vanquished.

Vanquished Creatures (others)
  2 orc wizards (Orc:2)
  62 fungi
  70 plants
134 creatures vanquished.

Grand Total: 754 creatures vanquished
